 Dungeon Crawl Stone Soup version 0.26-a0-52-gd53d4cd058 (console) character file.

Game seed: 14737219822357076660

497 Morrissey the Ducker (level 6, -1/50 HPs)
             Began as a Draconian Fire Elementalist on June 6, 2020.
             Succumbed to a killer bee's poison
             ... on level 4 of the Dungeon.
             The game lasted 00:10:44 (3652 turns).

Morrissey the Ducker (Draconian Fire Elementalist)  Turns: 3652, Time: 00:10:45

Health: -1/50      AC:  6    Str: 10    XL:     6   Next: 93%
Magic:  0/10       EV: 13    Int: 17    God:
Gold:   147        SH:  0    Dex: 12    Spells: 4/11 levels left

rFire    . . .     SeeInvis .   a - +2 dagger (vamp)
rCold    . . .     Gourm    .   (no shield)
rNeg     . . .     Faith    .   (armour unavailable)
rPois    .         Spirit   .   (helmet restricted)
rElec    .         Reflect  .   (no cloak)
rCorr    .         Harm     .   (no gloves)
MR       .....                  (no boots)
Stlth    ++........             (no amulet)
HPRegen  0.16/turn              g - +4 ring of slaying
MPRegen  0.12/turn              (no ring)

@: lethally poisoned (-1 -> -26)
A: unfitting armour, cold-blooded, AC +6
a: no special abilities


You were on level 4 of the Dungeon.
You were not hungry.

You visited 1 branch of the dungeon, and saw 4 of its levels.

You collected 147 gold pieces.

Inventory:

Hand Weapons
 a - a +2 vampiric dagger (weapon)
 n - a +1 dagger of draining
 w - a +2 dagger of holy wrath
Missiles
 f - 5 javelins (quivered)
Jewellery
 g - a +4 ring of slaying (left hand)
Scrolls
 c - 3 scrolls of identify
 i - a scroll of blinking {unknown}
 k - a scroll of enchant weapon {unknown}
 l - a scroll of fog {unknown}
 m - a scroll of random uselessness {unknown}
 o - 2 scrolls of teleportation
 q - a scroll of fear {unknown}
 r - 2 scrolls of remove curse {unknown}
 t - a scroll of amnesia {unknown}
 u - 2 scrolls of magic mapping {unknown}
Potions
 h - a potion of stabbing {unknown}
 j - 2 potions of mutation {unknown}
 p - 2 potions of heal wounds
 s - a potion of degeneration {unknown}
 v - a potion of might {unknown}
 x - a potion of magic {unknown}
Comestibles
 b - 5 rations
 d - 3 chunks of flesh


   Skills:
 + Level 2.5 Fighting
 * Level 4.0 Dodging
 - Level 1.7 Stealth
 + Level 3.1 Spellcasting
 * Level 3.8 Conjurations
 + Level 4.0 Fire Magic


You had 4 spell levels left.
You knew the following spells:

 Your Spells              Type           Power        Failure   Level  Hunger
a - Foxfire               Conj/Fire      ###.         3%          1    None
b - Conjure Flame         Conj/Fire      ###.....     11%         3    ###....
c - Inner Flame           Hex/Fire       #.......     22%         3    ###....

Your spell library contained the following spells:

 Spells                   Type           Power        Failure   Level  Hunger
 Animate Skeleton         Necr           N/A          17%         1    None
 Pain                     Necr           #...         17%         1    None
 Sticky Flame             Conj/Fire      ###.....     34%         4    ####...
 Vampiric Draining        Necr           #.........   45%         3    ###....
 Animate Dead             Necr           N/A          86%         4    ####...
 Fireball                 Conj/Fire      ###.......   67%         5    ######.
 Agony                    Necr           #.......     99%         5    ######.


Dungeon Overview and Level Annotations

Branches:
Dungeon (4/15)
 Temple: D:4-7

Altars:
Gozag
Okawaru

Shops:
D:4 *


Innate Abilities, Weirdness & Mutations

Your plain brown scales are hard. (AC +6)
You cannot fit into any form of body armour.
You are cold-blooded and may be slowed by cold attacks.


Message History

The killer bee is heavily wounded.
* * * LOW HITPOINT WARNING * * *
You feel sick. The killer bee barely misses you. The killer bee misses you.
The ogre misses you.
You hit the killer bee.
The killer bee is severely wounded.
* * * LOW HITPOINT WARNING * * *
You feel sick.
The killer bee stings you but does no damage.
The killer bee stings you.
* * * LOW HITPOINT WARNING * * *
You are more poisoned.
The killer bee poisons you! The ogre barely misses you.
Unknown command.
Unknown command.
Casting: Foxfire (safe; 3% risk of failure)
Confirm with . or Enter, or press ? or * to list all spells.
Nothing appears to happen.
* * * LOW MAGIC WARNING * * *
You die...

.. #........y...... ...
#######....y.r..... ....
..#...†...........
.....##.#..########...##
........#.y# #...##
#...## #..... . #a###
#...#. ....####y# #...≈≈
#.....O@# ###...≈#
#....##### #.....≈# #..
#.##.#≈# . #.##.#≈≈
#####.#....#
#...........
###.###.#)....
#.............
#.#.##........


You could see an ogre, a worker ant and a killer bee.

Vanquished Creatures
  An ogre (D:4)
  A killer bee (D:4)
  An iguana (D:4)
  2 worker ants
  Jessica (D:3)
  2 orc wizards (D:4)
  4 gnolls (D:4)
  9 adders
  An adder skeleton (D:4)
  2 worms
  5 dart slugs
  5 leopard geckos
  3 orcs (D:4)
  A giant cockroach (D:1)
  7 goblins
  12 hobgoblins
  5 kobolds
  A ball python (D:1)
  7 bats
  4 frilled lizards
  6 rats
80 creatures vanquished.

Vanquished Creatures (collateral kills)
  A goblin (D:1)
1 creature vanquished.

Vanquished Creatures (others)
  145 foxfires
145 creatures vanquished.

Grand Total: 226 creatures vanquished

Notes
Turn   | Place    | Note
-------+----------+-------------------------------------------
     0 | D:1      | Morrissey the Draconian Fire Elementalist began the quest
                  | for the Orb.
     0 | D:1      | Reached XP level 1. HP: 14/14 MP: 3/3
   313 | D:1      | Reached XP level 2. HP: 21/22 MP: 1/5
   695 | D:1      | Found an iron altar of Okawaru.
   787 | D:1      | Reached XP level 3. HP: 9/27 MP: 6/6
  1183 | D:2      | Reached skill level 1 in Fighting
  1433 | D:2      | Reached XP level 4. HP: 35/35 MP: 7/7
  1646 | D:2      | Learned a level 3 spell: Conjure Flame
  1666 | D:2      | Learned a level 3 spell: Inner Flame
  2206 | D:3      | Reached XP level 5. HP: 40/40 MP: 6/8
  2313 | D:3      | Noticed Jessica
  2319 | D:3      | Killed Jessica
  2880 | D:4      | Noticed an ogre
  2909 | D:4      | Killed an ogre
  2909 | D:4      | Reached XP level 6. HP: 26/48 MP: 1/10
  3221 | D:4      | Found an opulent altar of Gozag.
  3346 | D:4      | Found Gozag's Platinum Reserve.
  3631 | D:4      | HP: 1/50 [killer bee (4)]
  3651 | D:4      | HP: 2/50 [poisoned by a killer bee]
  3652 | D:4      | Succumbed to a killer bee's poison

Illustrated notes

Levels and vault maps discovered:
D:1:      lemuel_arrival_room, layout_basic, hangedman_decor_push,
          okawaru_ov_weapons_minmay
D:2:      layout_rooms
D:3:      layout_basic, uniq_jessica
D:4:      layout_loops_cross, kennysheep_little_box,
          minmay_temple_entry_mini_moons, serial_shops, kennysheep_mini_moat,
          first_ration, nicolae_gozag_zags_fifth_avenue

Skill      XL: |  1  2  3  4  5  6 |
---------------+-------------------+-----
Dodging        | 2 3 4 |  4.0
Fighting       | 1 2 |  2.5
Conjurations   | 2 3 |  3.8
Spellcasting   | 3 |  3.1
Fire Magic     | 4 |  4.0
Stealth        | |  1.7

Action                   |  1- 3 |  4- 6 || total
-------------------------+-------+-------++-------
Melee: Unarmed           |    54 |       ||    54
       Tailslap          |     6 |     8 ||    14
       Dagger            |    18 |    78 ||    96
Throw: Javelin           |       |     5 ||     5
 Cast: Foxfire           |    37 |    66 ||   103
       Conjure Flame     |       |     5 ||     5
  Use: Potion            |       |     4 ||     4
       Scroll            |       |     2 ||     2
 Stab: Sleeping          |     1 |     1 ||     2
  Eat: Chunk             |     2 |     8 ||    10
Armor: Skin              |    20 |    20 ||    40
Dodge: Dodged            |    69 |    78 ||   147

Table legend:
 A = Non-vault XP
 B = Vault XP
 C = Vault XP percentage of total XP
 D = Non-vault monster count
 E = Vault monster count
 F = Vault count percentage of total count
                 A         B        C        D         E       F
            +---------+---------+-------+---------+---------+-------
      Total |     673 |      37 |   5.2 |      80 |       1 |   1.2
            +---------+---------+-------+---------+---------+-------
        D:1 |      47 |       0 |   0.0 |      27 |       0 |   0.0
        D:2 |     106 |       0 |   0.0 |      24 |       0 |   0.0
        D:3 |      70 |      37 |  34.6 |      10 |       1 |   9.1
        D:4 |     450 |       0 |   0.0 |      19 |       0 |   0.0
            +---------+---------+-------+---------+---------+-------
